Map: Invader LE

Players

DogEata - Winner!

  • Race: Protoss Protoss
  • League: Silver
  • Spawn Location: 1:00

Fropez

  • Race: Protoss Protoss
  • League: Silver
  • Spawn Location: 5:00

VOD

Have the link to the VOD?

Description

Time

  • Played on: June 24, 2016, 1:52 p.m.
  • Length: 26:36
Show
View Real Time Build Order
Export as new Build Order

DogEata Protoss - Winner!

Build Orders: 1 Gate Expand 

Get SALT Encoding   

  12  0:01  Probe (Chrono Boost)  
  13  0:11  Probe (Chrono Boost)  
  14  0:18  Pylon  
  14  0:22  Probe (Chrono Boost)  
  15  0:37  Gateway  
  15  0:38  Probe (Chrono Boost)  
  16  0:45  Assimilator  
  16  0:49  Probe (Chrono Boost)  
  17  1:03  Probe (Chrono Boost)  
  18  1:14  Probe (Chrono Boost)  
  19  1:33  Nexus  
  19  1:35  Cybernetics Core  
  19  1:38  Probe (Chrono Boost)  
  20  1:47  Pylon  
  20  1:50  Probe (Chrono Boost)  
  21  2:01  Assimilator  
  21  2:02  Probe (Chrono Boost)  
  22  2:15  Adept, Mothership Core (Chrono Boost)  
  26  2:33  Probe (Chrono Boost)  
  27  2:42  Robotics Facility  
  27  2:43  Adept  
  27  2:44  Probe (Chrono Boost)  
  30  2:55  Probe x2 (Chrono Boost)  
  32  3:02  Forge  
  32  3:14  Probe (Chrono Boost)  
  32  3:18  Probe (Chrono Boost)  
  34  3:25  Pylon  
  34  3:32  Assimilator  
  33  3:38  Immortal  
  33  3:41  Adept  
  33  3:50  Probe x2 (Chrono Boost)  
  34  4:01  Probe x2 (Chrono Boost)  
  36  4:03  Protoss Ground Weapons Level 1  
  36  4:09  Sentry  
  38  4:16  Pylon  
  38  4:18  Probe (Chrono Boost)  
  38  4:22  Probe (Chrono Boost)  
  40  4:28  Observer  
  40  4:31  Probe (Chrono Boost)  
  42  4:33  Probe (Chrono Boost)  
  43  4:39  Photon Cannon  
  43  4:49  Photon Cannon  
  43  4:50  Probe (Chrono Boost)  
  40  5:18  Probe x2 (Chrono Boost)  
  41  5:28  Adept, Probe (Chrono Boost)  
  41  5:29  Probe (Chrono Boost)  
  41  5:30  Warp Gate  
  41  5:31  Immortal  
  47  5:39  Probe x2 (Chrono Boost)  
  49  5:53  Gateway  
  49  5:55  Adept  
  51  5:58  Protoss Ground Armor Level 1  
  51  6:00  Probe x2 (Chrono Boost)  
  53  6:09  Forge  
  54  6:11  Probe x2 (Chrono Boost)  
  55  6:24  Probe x2 (Chrono Boost)  
  57  6:26  Adept  
  57  6:31  Gateway  
  59  6:42  Probe x2 (Chrono Boost)  
  61  6:49  Pylon  
  61  6:57  Protoss Shields Level 1  
  61  6:59  Pylon  
  61  7:07  Stalker  
  63  7:14  Stalker  
  65  7:16  Immortal  
  65  7:21  Gateway  
  69  7:23  Gateway  
  69  7:28  Pylon  
  69  7:32  Probe (Chrono Boost)  
  69  7:33  Probe (Chrono Boost)  
  71  7:39  Pylon  
  71  7:55  Warp Prism, Stalker  
  75  8:03  Probe (Chrono Boost)  
  75  8:04  Probe (Chrono Boost)  
  77  8:09  Twilight Council  
  77  8:14  Robotics Bay  
  77  8:19  Stalker x2  
  81  8:20  Stalker  
  81  8:23  Stalker  
  81  8:24  Stalker  
  87  8:37  Probe x2 (Chrono Boost)  
  89  8:47  Blink  
  89  8:51  Stalker  
  89  8:53  Stalker  
  93  9:00  Pylon  
  93  9:01  Pylon  
  93  9:03  Assimilator  
  93  9:05  Pylon  
  93  9:06  Pylon  
  92  9:11  Protoss Ground Weapons Level 2  
  93  9:21  Colossus (Chrono Boost)  
  98  9:49  Stalker  
  98  9:50  Stalker  
  102  9:52  Nexus  
  101  10:09  Observer (Chrono Boost)  
  102  10:22  Extended Thermal Lance  
  102  10:33  Zealot x2, Stalker  
  102  10:34  Stalker x2  
  105  10:57  Stalker x3  
  105  10:58  Stalker  
  111  11:16  Probe  
  111  11:17  Probe x2  
  113  11:24  Colossus (Chrono Boost)  
  119  11:26  Probe  
  119  11:28  Zealot x3  
  119  11:29  Probe x2, Zealot  
  130  11:37  Probe  
  130  11:39  Assimilator  
  131  11:41  Probe x2  
  131  11:42  Assimilator  
  133  12:00  Pylon  
  133  12:03  Pylon  
  133  12:13  Protoss Ground Weapons Level 3 (Chrono Boost)  
  133  12:14  Protoss Ground Armor Level 2 (Chrono Boost)  
  133  12:18  Probe x2  
  135  12:25  Stalker x2  
  135  12:26  Stalker  
  141  12:30  Probe  
  140  12:42  Probe  
  133  12:50  Stalker x2  
  133  12:51  Stalker x3  
  124  12:54  Probe  
  97  13:15  Stargate  
  97  13:16  Gateway  
  97  13:19  Gateway  
  91  13:20  Gateway  
  91  13:24  Stalker x3  
  91  13:25  Stalker  
  95  13:43  Stalker  
  95  13:47  Stalker  
  91  13:51  Stalker  
  91  13:52  Stalker  
  91  13:53  Stalker  
  93  14:03  Probe  
  93  14:04  Probe x2  
  96  14:13  Probe  
  96  14:16  Probe x2  
  99  14:22  Nexus  
  99  14:24  Pylon  
  99  14:33  Stalker x2  
  99  14:34  Stalker, Zealot  
  99  14:35  Sentry, Zealot  
  99  14:36  Sentry  
  99  14:37  Sentry  
  115  14:39  Pylon  
  115  15:01  Stalker x2  
  115  15:02  Stalker x3  
  115  15:03  Stalker  
  127  15:26  Stalker  
  127  15:27  Stalker x3  
  127  15:28  Stalker  
  137  15:29  Sentry, Stalker  
  141  15:48  Protoss Ground Armor Level 3 (Chrono Boost)  
  141  16:07  Stalker  
  141  16:08  Assimilator, Stalker x3  
  141  16:09  Stalker x2  
  141  16:11  Assimilator  
  153  16:15  Pylon  
  153  16:18  Pylon  
  153  16:46  Stalker x4  
  161  16:47  Stalker x4  
  169  16:57  Pylon  
  169  17:28  Stalker x3  
  175  17:32  Stalker  
  175  17:33  Stalker x2  
  175  17:34  Stalker  
  181  18:20  Warp Prism  
  181  18:24  Stalker  
  181  18:25  Stalker  
  181  18:26  Stalker x2  
  191  18:27  Stalker  
  191  18:28  Stalker x2  
  191  18:29  Stalker  
  185  18:55  Stalker x3  
  189  18:56  Stalker x3  
  189  18:57  Stalker  
  183  19:21  Stalker  
  183  19:22  Stalker x3  
  183  19:23  Stalker  
  193  19:32  Probe x2  
  193  19:34  Probe x2  
  197  19:42  Probe  
  197  19:44  Nexus  
  198  19:46  Pylon, Probe  
  198  19:49  Pylon  
  199  20:27  Pylon  
  199  20:28  Pylon  
  199  20:30  Pylon  
  199  20:42  Nexus  
  196  20:53  Nexus  
  182  21:19  Photon Cannon  
  182  21:21  Photon Cannon  
  182  21:23  Photon Cannon  
  182  21:24  Photon Cannon  
  174  21:38  Probe  
  175  21:48  Probe  
  176  21:59  Probe  
  177  22:01  Nexus  
  177  22:06  Probe  
  178  22:09  Probe  
  178  22:11  Probe  
  180  22:17  Probe  
  180  22:20  Probe  
  180  22:22  Probe  
  182  22:28  Probe  
  184  22:30  Probe  
  184  22:32  Probe  
  186  22:38  Probe  
  187  22:53  Pylon  
  187  22:55  Pylon  
  187  22:57  Pylon  
  187  23:04  Pylon  
  187  23:05  Pylon  
  187  23:07  Pylon  
  187  23:11  Probe x3  
  190  23:22  Probe x2  
  191  23:33  Probe x2  
  191  23:41  Probe  
  193  23:43  Probe x2  
  193  23:47  Probe  
  196  23:51  Probe  
  196  23:53  Assimilator  
  196  23:54  Probe x2  
  200  23:58  Assimilator  
  200  23:59  Pylon  
  200  24:00  Pylon  
  196  24:22  Probe  
  193  24:25  Probe  
  193  24:27  Probe  
  193  24:29  Probe  
  196  24:33  Probe  
  196  24:36  Probe  
  196  24:38  Probe  
  198  24:40  Probe  
  200  24:52  Assimilator  
  200  24:55  Assimilator  
  200  24:59  Gateway  
  200  25:01  Gateway  
  199  25:26  Nexus  
  199  25:27  Pylon x2  
  199  25:28  Pylon  
  199  25:29  Pylon  
  199  25:30  Pylon x2  
  199  25:32  Pylon  
  199  25:33  Pylon x2  
  199  25:34  Pylon  
  177  26:05  Gateway  
  177  26:07  Gateway  
  177  26:08  Gateway  
  169  26:11  Gateway  
  169  26:12  Probe  
  170  26:21  Pylon, Gateway  
  170  26:22  Pylon, Gateway  
  170  26:23  Probe  
  167  26:31  Gateway  
Show
View Real Time Build Order
Export as new Build Order

Fropez Protoss 

Build Orders:  

Get SALT Encoding   

  12  0:02  Probe (Chrono Boost)  
  13  0:18  Pylon  
  13  0:19  Probe (Chrono Boost)  
  14  0:39  Gateway  
  14  0:43  Probe (Chrono Boost), Assimilator  
  15  0:53  Probe (Chrono Boost)  
  16  1:22  Probe (Chrono Boost)  
  17  1:29  Cybernetics Core  
  17  1:33  Gateway  
  17  1:38  Pylon  
  17  1:42  Probe (Chrono Boost)  
  18  1:53  Probe (Chrono Boost)  
  19  1:54  Assimilator  
  19  2:06  Pylon  
  19  2:07  Warp Gate (Chrono Boost)  
  19  2:11  Adept  
  22  2:15  Probe (Chrono Boost)  
  22  2:26  Probe (Chrono Boost)  
  23  2:31  Gateway  
  23  2:36  Probe (Chrono Boost)  
  24  2:39  Adept  
  24  2:42  Adept  
  28  2:50  Pylon  
  28  2:56  Probe (Chrono Boost)  
  29  3:01  Pylon  
  29  3:07  Mothership Core (Chrono Boost)  
  31  3:39  Adept x2  
  35  3:43  Nexus  
  35  3:48  Probe  
  34  4:00  Probe  
  35  4:15  Adept x2  
  39  4:33  Pylon  
  39  4:37  Pylon  
  39  4:51  Probe  
  40  5:01  Pylon  
  40  5:05  Adept x3  
  38  5:20  Probe  
  35  5:29  Adept x3  
  41  5:40  Twilight Council  
  41  5:41  Forge  
  41  5:42  Pylon  
  41  5:47  Probe x2  
  43  5:53  Adept x2  
  43  5:54  Adept  
  43  5:55  Pylon  
  49  5:57  Pylon  
  49  6:05  Probe  
  49  6:06  Probe  
  51  6:13  Protoss Ground Weapons Level 1  
  51  6:25  Probe x2  
  51  6:27  Assimilator  
  51  6:29  Blink  
  51  6:30  Assimilator  
  53  6:35  Probe  
  54  6:42  Probe  
  55  6:56  Probe x2  
  49  7:12  Stalker x3  
  55  7:26  Nexus  
  55  7:27  Gateway  
  55  7:29  Gateway  
  55  7:37  Probe x2  
  55  7:41  Stalker x3  
  63  8:07  Stalker  
  63  8:08  Stalker x2  
  69  8:20  Probe  
  69  8:21  Probe  
  71  8:33  Probe  
  72  8:39  Photon Cannon  
  72  8:44  Robotics Facility  
  72  8:52  Pylon, Probe  
  72  8:53  Probe  
  74  8:58  Pylon  
  74  9:02  Pylon, Probe  
  74  9:04  Pylon  
  74  9:05  Probe  
  76  9:14  Probe x2  
  78  9:18  Protoss Ground Weapons Level 2 (Chrono Boost)  
  78  9:22  Stalker x4  
  86  9:33  Probe x3  
  89  9:39  Observer  
  89  9:44  Probe  
  91  9:59  Stargate  
  91  10:00  Probe  
  91  10:01  Probe x2, Stargate  
  91  10:04  Stargate  
  86  10:17  Observer  
  86  10:20  Stalker x2  
  86  10:21  Stalker x3  
  83  11:15  Void Ray x3 (Chrono Boost)  
  87  11:21  Zealot x5  
  93  11:27  Gateway  
  93  11:28  Gateway  
  93  11:31  Probe x2  
  95  11:37  Assimilator  
  95  11:41  Assimilator  
  95  11:42  Zealot x4  
  95  11:43  Zealot  
  104  11:49  Void Ray x2 (Chrono Boost)  
  104  11:54  Void Ray (Chrono Boost)  
  116  11:59  Protoss Air Weapons Level 1 (Chrono Boost)  
  116  12:03  Probe x2  
  116  12:04  Probe  
  116  12:07  Gateway  
  119  12:11  Zealot x2  
  119  12:12  Zealot x3  
  129  12:25  Observer  
  91  13:10  Void Ray x2  
  89  13:16  Void Ray  
  101  13:29  Zealot x4  
  109  13:43  Probe x3  
  109  13:48  Void Ray x2  
  100  14:17  Nexus  
  100  14:19  Pylon, Probe x3  
  100  14:20  Assimilator  
  100  14:23  Assimilator  
  103  14:28  Pylon  
  103  14:29  Nexus  
  103  14:32  Assimilator  
  103  14:35  Void Ray x2  
  103  14:36  Assimilator  
  74  14:39  Pylon  
  74  14:41  Void Ray  
  86  14:46  Nexus  
  86  14:47  Nexus, Pylon  
  86  14:48  Pylon  
  86  15:10  Stargate  
  86  15:11  Stargate  
  86  15:14  Stargate  
  86  15:18  Pylon, Probe x2  
  88  15:31  Void Ray  
  84  15:52  Pylon  
  84  15:55  Pylon  
  84  15:57  Pylon  
  84  15:58  Pylon  
  84  16:02  Probe  
  84  16:03  Probe  
  79  16:04  Pylon  
  79  16:10  Probe  
  69  16:21  Cybernetics Core  
  64  16:41  Void Ray (Chrono Boost)  
  62  17:01  Void Ray (Chrono Boost)  
  66  17:03  Probe  
  66  17:08  Probe  
  67  17:09  Probe  
  73  17:24  Void Ray (Chrono Boost)  
  73  17:31  Protoss Air Armor Level 1 (Chrono Boost)  
  71  17:49  Fleet Beacon  
  71  17:59  Gateway  
  71  18:01  Void Ray  
  75  18:13  Void Ray  
  77  18:34  Void Ray  
  77  19:17  Nexus  
  77  19:24  Nexus  
  77  19:27  Probe  
  78  19:32  Probe  
  78  19:38  Probe  
  79  20:06  Stargate  
  79  20:09  Pylon  
  79  20:11  Pylon  
  79  20:12  Pylon  
  79  20:18  Pylon  
  79  20:21  Pylon  
  79  20:44  Probe  
  80  20:54  Probe  
  81  21:05  Probe  
  82  21:15  Probe  
  83  21:26  Probe  
  72  21:35  Void Ray (Chrono Boost)  
  76  21:43  Fleet Beacon  
  76  21:44  Probe  
  77  21:48  Gateway  
  77  21:51  Pylon  
  77  21:52  Probe  
  77  21:57  Probe  
  78  22:02  Probe  
  79  22:13  Probe  
  79  22:14  Void Ray (Chrono Boost)  
  84  22:23  Probe  
  84  22:27  Pylon  
  81  22:34  Probe  
  82  22:51  Void Ray (Chrono Boost)  
  86  23:44  Void Ray (Chrono Boost)  
  90  23:54  Probe, Cybernetics Core  
  91  24:01  Nexus  
  91  24:02  Assimilator  
  90  24:04  Probe, Assimilator  
  91  24:15  Probe  
  92  24:21  Void Ray (Chrono Boost)  
  96  24:25  Probe  
  97  24:36  Probe  
  94  24:59  Void Ray (Chrono Boost)  
  98  25:11  Probe  
  99  25:22  Probe  
  100  25:32  Probe  
  100  25:41  Void Ray  
  104  25:43  Probe  
  81  26:12  Zealot  
Tags
 
Matchup
PvP
Replay Pack
All Mines
Spawn Locations
Close Positions
Add a new tag
Caveats
  • Supply blocks, unpowered buildings, or Contaminate may cause inaccurate times.
  • Supply counts are checked every 10 seconds.